 Dungeon Crawl Stone Soup version 0.20-a0-29-g41cc41e (webtiles) character file.

50 MrRokkomies the Conjurer (level 3, -2/29 HPs)
             Began as a Demigod Conjurer on Nov 8, 2016.
             Slain by a worm (9 damage)
             ... on level 2 of the Dungeon.
             The game lasted 00:02:58 (1785 turns).

MrRokkomies the Conjurer (Demigod Conjurer)         Turns: 1785, Time: 00:02:59

Health: -2/29      AC:  6    Str: 13    XL:     3   Next: 35%
Magic:  8/8        EV: 11    Int: 19    God:
Gold:   106        SH:  0    Dex: 16    Spells: 2 memorised, 2 levels left

rFire  . . .     SeeInvis .     i - +0 mace
rCold  . . .     Gourm    .     e - +0 ring mail
rNeg   . . .     Faith    .     (no shield)
rPois  .         Spirit   .     (no helmet)
rElec  .         Reflect  .     (no cloak)
rCorr  .         Harm     .     l - +0 pair of gloves
MR     .....                    (no boots)
Stlth  +.........               (no amulet)
                                (no ring)
                                (no ring)

@: no status effects
A: high mp 1
a: no special abilities


You were on level 2 of the Dungeon.
You were not hungry.

You visited 1 branch of the dungeon, and saw 2 of its levels.

You collected 106 gold pieces.

Inventory:

Hand Weapons
 i - a +0 mace (weapon)
Armour
 e - a +0 ring mail (worn)
 l - a +0 pair of gloves (worn)
Scrolls
 h - 3 scrolls of fog {unknown}
 j - a scroll of identify {unknown}
 k - a scroll of blinking {unknown}
Potions
 a - 2 potions of curing {unknown}
 d - a potion of heal wounds {unknown}
Books
 b - a book of Conjurations

   Spells                             Type                      Level
   a - Magic Dart                     Conjuration                  1
   b - Searing Ray                    Conjuration                  2
   c - Dazzling Spray                 Conjuration/Hexes            3
   d - Fulminant Prism                Conjuration/Hexes            4
   e - Iskenderun's Mystic Blast      Conjuration                  4
   f - Iskenderun's Battlesphere      Conjuration/Charms           5
Comestibles
 c - a bread ration
 f - a beef jerky
 g - 3 fruits


   Skills:
 * Level 1.9 Fighting
 - Level 1.7 Dodging
 - Level 1.7 Stealth
 - Level 1.7 Spellcasting
 * Level 4.2 Conjurations


You had 2 spell levels left.
You knew the following spells:

 Your Spells              Type           Power        Failure   Level  Hunger
a - Magic Dart            Conj           ###.         10%         1    #......
b - Searing Ray           Conj           ###...       12%         2    ###....


Dungeon Overview and Level Annotations

Branches:
Dungeon (2/15)


Innate Abilities, Weirdness & Mutations

You have an increased reservoir of magic. (+10% MP)


Message History

The worm bites you.
You barely miss the worm.
The worm is severely wounded.
You hit the worm but do no damage.
The worm is severely wounded.
The worm bites you.
You completely miss the worm.
The worm is severely wounded.
The worm misses you.
You hit the worm.
The worm is severely wounded.
The worm bites you but does no damage.
You hit the worm.
The worm is almost dead.
The worm bites you.
* * * LOW HITPOINT WARNING * * *
You barely miss the worm.
The worm is almost dead.
The worm bites you!
You die...

#......... #.........
#......... #.........
########### #.........
#.........# #.........
#.........# #.##...###
#.....w...####.##.#.###
#.....@...+...>........
#.........#######.#.###
######.#### #.#.#
#..#.##########.#.#
######..#.#..........#.#
#.......#.#.##########+#
#.......#.#.#
#.......#.#.#
######..#.#.#


You could see a worm.

Vanquished Creatures
  An ooze (D:1)
  2 worms (D:2)
  2 dart slugs
  A leopard gecko (D:2)
  A ball python (D:2)
  6 goblins
  3 hobgoblins
  5 kobolds
  A quokka (D:2)
  6 bats
  2 frilled lizards (D:1)
  6 rats
36 creatures vanquished.

Notes
Turn   | Place    | Note
-------+----------+-------------------------------------------
     0 | D:1      | MrRokkomies the Demigod Conjurer began the quest for the Orb.
     0 | D:1      | Reached XP level 1. HP: 14/14 MP: 5/5
   104 | D:1      | Reached XP level 2. HP: 17/22 MP: 7/7
   184 | D:1      | Reached skill level 1 in Fighting
   502 | D:1      | Reached skill level 4 in Conjurations
   883 | D:1      | Learned a level 2 spell: Searing Ray
   955 | D:2      | Found a deep blue altar of Sif Muna.
  1358 | D:2      | Reached XP level 3. HP: 27/29 MP: 8/8
  1785 | D:2      | Slain by a worm

Vault maps used:
D:1:      minmay_arrival_four_loops, minmay_misc_feat_alley,
          minmay_misc_feat_roman
D:2:      lemuel_crystal_altar, minmay_pentomino_w4

Skill      XL: |  1  2 |
---------------+-------+-----
Fighting       | 1 |  1.9
Conjurations   | 4 |  4.2
Dodging        | |  1.7
Stealth        | |  1.7
Spellcasting   | |  1.7

Action                   || total
-------------------------++-------
Melee: Dagger            ||    80
       Unarmed           ||     2
       Mace              ||    44
 Cast: Magic Dart        ||     5
       Searing Ray       ||     3
  Use: Scroll            ||     1
  Eat: Chunk             ||     3
Armor: Robe              ||    15
       Ring mail         ||    23
Dodge: Dodged            ||    86
